 Dungeon Crawl Stone Soup version 0.31-a0-210-gccc998df9b (webtiles) character file.

Game seed: 13431734419445053615

2932 qw the Skirmisher (level 9, -8/57 HPs)
             Began as a Gargoyle Hexslinger on June 30, 2023.
             Was an Initiate of Okawaru.
             Killed from afar by an orc wizard (9 damage)
             ... with a puff of flame
             ... on level 9 of the Dungeon.
             The game lasted 00:02:16 (6824 turns).

qw the Skirmisher (Gargoyle Hexslinger)             Turns: 6824, Time: 00:02:17

Health: -8/57      AC: 20    Str: 12    XL:     9   Next: 80%
Magic:  10/10      EV: 13    Int: 14    God:    Okawaru [......]
Gold:   259        SH:  5    Dex: 16    Spells: 9/10 levels left

rFire   . . .        Y - +0 sling (elec)
rCold   . . .        (no shield)
rNeg    + . .        k - +3 leather armour
rPois   inf          m - +0 helmet
rElec   +            c - +2 cloak
rCorr   .            g - +2 pair of gloves
SInv    .            (no boots)
Will    +....        b - amulet of reflection
Stlth   +            i - +4 ring of slaying {mikee}
HPRegen 0.29/turn    l - ring of willpower
MPRegen 0.12/turn

%: reflection
@: about to teleport
A: sickness immunity, AC +6, negative energy resistance 1, electricity
resistance, torment resistance 1, petrification resistance
a: Renounce Religion


You were on level 9 of the Dungeon.
You worshipped Okawaru.
Okawaru was noncommittal.
You visited 2 branches of the dungeon, and saw 10 of its levels.

You collected 573 gold pieces.
You spent 314 gold pieces at shops.


Innate Abilities, Weirdness & Mutations

You are immune to sickness and miasma.
Your stone body is resilient. (AC +6)
You are immune to poison.
You resist negative energy. (rN+)
You are resistant to electric shocks. (rElec)
You are resistant to unholy torment.
You are immune to petrification.


   Skills:
 - Level 7.1 Fighting
 + Level 10.9 Ranged Weapons
 - Level 2.2 Armour
 - Level 3.3 Dodging
 - Level 1.0 Spellcasting
 - Level 2.6 Hexes


You had 9 spell levels left.
You knew the following spells:

 Your Spells              Type           Power      Damage    Failure   Level
a - Slow                  Hex            32%        N/A       11%         1

Your spell library contained the following spells:

 Spells                   Type           Power      Damage    Failure   Level
 Inner Flame              Hex/Fire       4%         N/A       50%         3
 Portal Projectile        Hex/Tloc       8%         N/A       50%         3
 Cause Fear               Hex            4%         N/A       73%         4

Inventory:

Hand Weapons
 Y - a +0 sling of electrocution (weapon)
Armour
 c - a +2 cloak (worn)
 g - a +2 pair of gloves (worn)
 k - a +3 leather armour (worn)
 m - a +0 helmet (worn)
Jewellery
 b - an amulet of reflection (around neck)
 i - a +4 ring of slaying (left hand) {mikee}
 l - a ring of willpower (right hand)
Scrolls
 a - 3 scrolls of identify
 d - a scroll of teleportation
Potions
 f - a potion of might
 h - a potion of curing
 j - a potion of enlightenment

Dungeon Overview and Level Annotations

Branches:
Dungeon (9/15)             Temple (1/1) D:6
   Lair: D:8-11         Orc: D:9-12

Altars:
Ashenzari
Cheibriados
Dithmenos
Elyvilon
Fedhas
Gozag
Hepliaklqana
Kikubaaqudgha
Makhleb
Nemelex Xobeh
Okawaru
Qazlal
Ru
Sif Muna
Trog
Vehumet
Wu Jian
Xom
Yredelemnul
Zin
The Shining One

Shops:
D:2 (*(   D:6 [

Annotations:
D:4 1 runed translucent door, Crazy Yiuf


Message History

The orc priest hits you but does no damage.
Something hits you but does no damage.
You shoot a sling bullet. The orc priest shouts!
The sling bullet hits the orc priest.
The orc priest is moderately wounded.
The kobold barely misses you.
The orc priest mumbles some strange prayers to Beogh against you.
You easily resist.
Something hits you but does no damage.
You shoot a sling bullet.
The sling bullet closely misses the orc priest.
The sling bullet hits the wyvern.
The wyvern is lightly wounded.
You shoot a sling bullet. The sling bullet hits the orc priest.
The orc priest is heavily wounded.
The kobold misses you. The orc priest barely misses you.
Something hits you but does no damage.
You shoot a sling bullet. The sling bullet hits the orc priest.
The orc priest is almost dead.
The kobold hits you with a +2 dagger of freezing.
The kobold freezes you.
You shoot a sling bullet.
The sling bullet barely misses the wyvern.
The sling bullet closely misses the orc priest.
The wyvern completely misses you. The kobold barely misses you.
The orc priest mumbles some strange prayers to Beogh against you.
Beogh smites you!
You hear some strange, mumbled words.
Something tries to affect you, but you resist.
6824 ||| READING 2 scrolls of teleportation.
As you read the scroll of teleportation, it crumbles to dust.
You feel strangely unstable. The wyvern closely misses you.
The orc priest hits you with a +0 hand axe.
The kobold hits you with a +2 dagger of freezing.
The kobold freezes you.
You hear some strange, mumbled words.
A puff of flame appears from out of thin air!
The puff of flame hits you!
You die...

# .# ..### #.
#.....
##.#####.....#
#....<{o.....#
#.###.K@lo....#
#)###..).## #.
##.# #K . KK #.
#.


You could see a wyvern, 2 orc priests and a kobold.

Vanquished Creatures
  Pikel (D:4)
  Eustachio (D:5)
  A steam dragon (D:8)
  A vampire mosquito (D:8)
  Edmund (D:5)
  2 water moccasins (D:8)
  An ice beast (D:7)
  2 black bears (D:6)
  An orc warrior (D:8)
  A lemure (D:4)
  A kobold brigand (D:9)
  2 bullfrogs (D:8)
  Blork the orc (D:5)
  5 wights (D:6)
  4 howler monkeys
  2 jellies
  An orc priest (D:3)
  A gnoll bouda (D:7)
  3 hounds
  3 sleepcaps
  4 iguanas
  2 orc wizards
  11 gnolls
  5 adders
  3 shadow imps
  An adder skeleton (D:2)
  3 worms
  A dart slug (D:2)
  12 orcs
  3 bats
  6 endoplasms
  2 giant cockroaches (D:2)
  6 hobgoblins
  4 jackals (D:1)
  6 kobolds
  5 quokkas
  5 ball pythons
  2 frilled lizards
  16 goblins
  7 rats
139 creatures vanquished.

Notes
Turn   | Place    | Note
-------+----------+-------------------------------------------
     0 | D:1      | qw the Gargoyle Hexslinger began the quest for the Orb.
     0 | D:1      | Reached XP level 1. HP: 12/12 MP: 2/2
     0 | D:1      | 0 ||| qw: Version: 0.3-a-26-gee661ec
     0 | D:1      | 0 ||| qw: Game counter: 7152
     0 | D:1      | 0 ||| qw: Melee chars always use a shield: true
     0 | D:1      | 0 ||| qw: God list: Okawaru
     0 | D:1      | 0 ||| qw: Allow faded altars: false
     0 | D:1      | 0 ||| qw: Do Orc after clearing Dungeon:15 true
     0 | D:1      | 0 ||| qw: Do second Lair branch before Depths: true
     0 | D:1      | 0 ||| qw: Lair rune preference: random
     0 | D:1      | 0 ||| qw: Goals: Normal
     0 | D:1      | 0 ||| PLANNING D:1-11
   144 | D:1      | HP: 2/12 [frozen (5)]
   277 | D:1      | Reached XP level 2. HP: 16/16 MP: 3/3
   550 | D:1      | Reached skill level 3 in Ranged Weapons
   565 | D:1      | 565 ||| FLEEEEING.
   816 | D:1      | 816 ||| UPGRADING to +0 leather armour.
   826 | D:1      | 826 ||| DROPPING +0 robe.
   827 | D:1      | 827 ||| UPGRADING to +4 ring of slaying {mikee}.
   828 | D:1      | 828 ||| READING 4 scrolls labelled ZEIVVI QIDUZO.
   829 | D:1      | 829 ||| READING scroll labelled DIH JOOPEOPN.
   830 | D:1      | 830 ||| READING scroll labelled YJA HIDULONEJY.
   831 | D:1      | 831 ||| READING 3 scrolls of identify.
   831 | D:1      | 831 ||| IDENTIFYING sapphire potion
   832 | D:1      | 832 ||| DROPPING scroll of poison.
   858 | D:2      | Found Wudde's Antique Weapon Emporium.
   866 | D:2      | Reached XP level 3. HP: 21/21 MP: 4/4
  1164 | D:2      | Reached XP level 4. HP: 26/26 MP: 5/5
  1164 | D:2      | Found Maennaon's Antique Weapon Shoppe.
  1194 | D:2      | Found Paghyedi's General Store.
  1197 | D:2      | 1197 ||| BUYING scroll of enchant armour (97 gold).
  1197 | D:2      | Bought a scroll of enchant armour for 97 gold pieces
  1223 | D:2      | Reached skill level 4 in Ranged Weapons
  1551 | D:2      | 1551 ||| UPGRADING to +0 cloak.
  1556 | D:2      | 1556 ||| READING 2 scrolls of enchant armour.
  1556 | D:2      | 1556 ||| ENCHANTING +0 cloak.
  1557 | D:2      | 1557 ||| READING scroll of enchant armour.
  1557 | D:2      | 1557 ||| ENCHANTING +1 cloak.
  1558 | D:2      | 1558 ||| READING scroll labelled OBA ROCHAWE.
  1559 | D:2      | 1559 ||| READING 2 scrolls of identify.
  1559 | D:2      | 1559 ||| IDENTIFYING bubbling black potion
  1560 | D:2      | 1560 ||| DROPPING potion of degeneration.
  1943 | D:3      | Reached XP level 5. HP: 16/30 MP: 6/6
  2259 | D:3      | 2259 ||| READING scroll labelled BUHACAYVOR.
  2260 | D:3      | 2260 ||| READING 4 scrolls of identify.
  2260 | D:3      | 2260 ||| IDENTIFYING yellow potion
  2261 | D:3      | 2261 ||| READING 3 scrolls of identify.
  2261 | D:3      | 2261 ||| IDENTIFYING orange potion
  2262 | D:3      | 2262 ||| READING 2 scrolls of identify.
  2262 | D:3      | 2262 ||| IDENTIFYING emerald potion
  2263 | D:3      | 2263 ||| DROPPING potion of ambrosia.
  2272 | D:4      | 2272 ||| STAIRDANCE
  2397 | D:4      | Noticed a lemure
  2397 | D:4      | Noticed a lemure
  2400 | D:4      | Noticed a lemure
  2400 | D:4      | Noticed Pikel
  2402 | D:4      | Noticed a lemure
  2404 | D:4      | Killed a lemure
  2410 | D:4      | HP: 7/30 [lemure[Pikel] (5)]
  2411 | D:4      | 2411 ||| DRINKING potion of heal wounds.
  2425 | D:4      | Killed Pikel
  2426 | D:4      | Reached skill level 7 in Ranged Weapons
  2426 | D:4      | Reached XP level 6. HP: 24/35 MP: 7/7
  2426 | D:4      | Reached XP level 7. HP: 27/40 MP: 8/8
  2476 | D:4      | 2476 ||| FLEEEEING.
  2477 | D:4      | 2477 ||| FLEEEEING.
  2479 | D:4      | Found a shimmering blue altar of Sif Muna.
  2479 | D:4      | Found a glowing silver altar of Zin.
  2480 | D:4      | Found a white marble altar of Elyvilon.
  2598 | D:4      | 2598 ||| SWAPPING to +0 sling of electrocution.
  2599 | D:4      | 2599 ||| DROPPING +1 sling.
  2626 | D:4      | Reached skill level 3 in Fighting
  2765 | D:4      | Found a runed translucent door.
  2766 | D:4      | Noticed Crazy Yiuf
  2919 | D:4      | 2919 ||| UPGRADING to +1 robe of positive energy.
  2929 | D:4      | 2929 ||| UPGRADING to ring of willpower.
  2930 | D:4      | 2930 ||| READING scroll labelled UMAIFI RUASEO.
  2931 | D:4      | 2931 ||| READING 2 scrolls of identify.
  2931 | D:4      | 2931 ||| IDENTIFYING puce potion
  2932 | D:4      | 2932 ||| DROPPING potion of invisibility.
  2950 | D:5      | Entered Level 5 of the Dungeon
  3065 | D:5      | Noticed Blork the orc
  3069 | D:5      | Killed Blork the orc
  3259 | D:5      | Noticed Eustachio
  3267 | D:5      | Killed Eustachio
  3268 | D:5      | Reached skill level 8 in Ranged Weapons
  3268 | D:5      | Reached XP level 8. HP: 44/48 MP: 9/9
  3494 | D:5      | Noticed Edmund
  3514 | D:5      | Killed Edmund
  3856 | D:5      | 3856 ||| READING scroll labelled ECSERO OFIEXUH.
  3946 | D:6      | Found an ancient bone altar of Kikubaaqudgha.
  4039 | D:6      | Reached skill level 1 in Armour
  4141 | D:6      | Found a staircase to the Ecumenical Temple.
  4142 | D:6      | 4142 ||| PLANNING TEMPLE
  4142 | D:6      | 4142 ||| DRINKING 2 metallic black potions.
  4143 | D:6      | 4143 ||| READING 4 scrolls of identify.
  4143 | D:6      | 4143 ||| IDENTIFYING glowing golden potion
  4144 | D:6      | 4144 ||| DROPPING potion of attraction.
  4145 | D:6      | 4145 ||| DROPPING potion of brilliance.
  4151 | Temple   | Entered the Ecumenical Temple
  4345 | Temple   | 4345 ||| PLANNING D:1-11
  4405 | D:6      | HP: 7/49 [wight/+2 spear (8)]
  4406 | D:6      | Reached skill level 9 in Ranged Weapons
  4406 | D:6      | 4406 ||| DRINKING potion of heal wounds.
  4739 | D:6      | Found Yheotibb's Armour Shoppe.
  4747 | D:6      | 4747 ||| BUYING +0 helmet (63 gold).
  4747 | D:6      | Bought a +0 helmet for 63 gold pieces
  4747 | D:6      | 4747 ||| BUYING +1 leather armour of poison resistance (154
                  | gold).
  4747 | D:6      | Bought a +1 leather armour of poison resistance for 154
                  | gold pieces
  5007 | D:6      | Found a broken altar of Ashenzari.
  5031 | D:6      | 5031 ||| DROPPING +0 leather armour.
  5032 | D:6      | 5032 ||| UPGRADING to +0 pair of gloves.
  5037 | D:6      | 5037 ||| UPGRADING to +0 helmet.
  5042 | D:6      | 5042 ||| UPGRADING to +1 leather armour of poison
                  | resistance.
  5052 | D:6      | 5052 ||| DROPPING +1 robe of positive energy.
  5053 | D:6      | 5053 ||| READING 2 scrolls of enchant armour.
  5053 | D:6      | 5053 ||| ENCHANTING +0 pair of gloves.
  5054 | D:6      | 5054 ||| READING scroll of enchant armour.
  5054 | D:6      | 5054 ||| ENCHANTING +1 pair of gloves.
  5055 | D:6      | 5055 ||| READING scroll labelled ECROMA REICHU.
  5056 | D:6      | 5056 ||| READING scroll labelled EMPURCHI GIAWKI.
  5116 | D:7      | 5116 ||| STAIRDANCE
  5123 | D:6      | Reached skill level 6 in Fighting
  5123 | D:6      | Reached XP level 9. HP: 37/56 MP: 10/10
  5216 | D:7      | HP: 9/56 [gnoll/+0 flail[a gnoll bouda] (10)]
  5217 | D:7      | 5217 ||| READING scroll of teleportation.
  5976 | D:7      | 5976 ||| UPGRADING to amulet of reflection.
  5981 | D:7      | 5981 ||| DROPPING amulet of the acrobat.
  5982 | D:7      | 5982 ||| READING 5 scrolls of identify.
  5982 | D:7      | 5982 ||| IDENTIFYING bubbling silvery potion
  5983 | D:7      | 5983 ||| DROPPING potion of lignification.
  6060 | D:8      | Reached skill level 10 in Ranged Weapons
  6066 | D:8      | Reached skill level 3 in Dodging
  6193 | D:8      | Found a burning altar of Makhleb.
  6193 | D:8      | Noticed a cacodemon
  6196 | D:8      | Noticed a smoke demon
  6698 | D:8      | Found an iron altar of Okawaru.
  6698 | D:8      | Found a bloodstained altar of Trog.
  6699 | D:8      | 6699 ||| PLANNING OKAWARU WORSHIP
  6701 | D:8      | 6701 ||| UPGRADING to +3 leather armour.
  6711 | D:8      | 6711 ||| DROPPING +1 leather armour of poison resistance.
  6712 | D:8      | 6712 ||| DROPPING amulet of regeneration.
  6713 | D:8      | 6713 ||| READING scroll labelled SOUW OCWOM.
  6714 | D:8      | 6714 ||| READING 5 scrolls of identify.
  6714 | D:8      | 6714 ||| IDENTIFYING fuming black potion
  6722 | D:8      | Became a worshipper of Warmaster Okawaru
  6723 | D:8      | 6723 ||| PLANNING D:1-11
  6762 | D:8      | 6762 ||| Stepping ~*~*~tactically~*~*~ (water).
  6770 | D:8      | 6770 ||| READING 4 scrolls of identify.
  6770 | D:8      | 6770 ||| IDENTIFYING smoky emerald potion
  6771 | D:8      | 6771 ||| DROPPING potion of berserk rage.
  6801 | D:9      | 6801 ||| Stepping ~*~*~tactically~*~*~ (outnumbered).
  6823 | D:9      | HP: 8/57 [orc priest/divine providence (9)]
  6824 | D:9      | 6824 ||| READING 2 scrolls of teleportation.
  6824 | D:9      | HP: 2/57 [kobold/+2 dagger of freezing (5)]
  6824 | D:9      | Killed from afar by an orc wizard

Levels and vault maps discovered:
D:1:      denvon_arrival_hothouse, layout_loops_ring, hangedman_feature_mirror,
          patterned_corridor
D:2:      layout_basic, serial_shops, shop, nicolae_shop_tiny_real_fake_doors,
          shop, serial_undead, serial_undead_a, serial_undead_c,
          serial_undead_b, serial_undead_b
D:3:      layout_loops_ring, item_on_display_a
D:4:      layout_cave_pools, gammafunk_temple_overflow_forgotten, st_stairs_10,
          uniq_pikel, uniq_crazy_yiuf_cottage
D:5:      layout_basic, uniq_blork_the_orc, uniq_edmund, uniq_eustachio
D:6:      layout_cave_pods, mainiacjoe_overflow_swirl, minmay_temple_entry_hall,
          serial_shops, nicolae_square_shop
D:7:      layout_basic
D:8:      minmay_distorted_concentric_squares, layout_loops_ring,
          grunt_temple_overflow_bloody_war, makhleb_altar_promises_db,
          enter_bailey_3
D:9:      layout_loops_ring, uniq_maggie
Temple:   nicolae_temple_figure_eight

Skill      XL: |  1  2  3  4  5  6  7  8  9 |
---------------+----------------------------+-----
Ranged Weapons | 3 4 7 8 9 10 | 10.9
Fighting       | 2 4 6 7 |  7.1
Dodging        | 2 3 |  3.3
Armour         | 2 |  2.2
Spellcasting   | |  1.0
Hexes          | |  2.6

Action                     |  1- 3 |  4- 6 |  7- 9 || total
---------------------------+-------+-------+-------++-------
   Fire: Sling             |   109 |    81 |   275 ||   465
    Use: Scroll            |     4 |     8 |    14 ||    26
         Potion            |       |     1 |     2 ||     3
 Armour: Robe              |    24 |       |    19 ||    43
         Leather armour    |     1 |    13 |    63 ||    77
  Dodge: Dodged            |    50 |     9 |   106 ||   165
  Block: Other             |       |       |     6 ||     6

Table legend:
 A = Non-vault XP
 B = Vault XP
 C = Vault XP percentage of total XP
 D = Non-vault monster count
 E = Vault monster count
 F = Vault count percentage of total count
                 A         B        C        D         E       F
            +---------+---------+-------+---------+---------+-------
      Total |    2259 |    1930 |  46.1 |     115 |      23 |  16.7
            +---------+---------+-------+---------+---------+-------
        D:1 |      28 |       3 |   9.7 |      16 |       2 |  11.1
        D:2 |      66 |       5 |   7.0 |      23 |       1 |   4.2
        D:3 |      80 |       0 |   0.0 |      13 |       0 |   0.0
        D:4 |      78 |     667 |  89.5 |      15 |       6 |  28.6
        D:5 |     183 |     475 |  72.2 |      10 |       3 |  23.1
        D:6 |     726 |       0 |   0.0 |      10 |       0 |   0.0
        D:7 |     478 |       0 |   0.0 |      17 |       0 |   0.0
        D:8 |     332 |     780 |  70.1 |       4 |      11 |  73.3
        D:9 |     288 |       0 |   0.0 |       7 |       0 |   0.0
            +---------+---------+-------+---------+---------+-------
